 Dungeon Crawl Stone Soup version 0.28-a0-938-gbc3f381ebc (webtiles) character file.

Game seed: 7430125852726590833

264 bearlyready the Slasher (level 5, -1/45 HPs)
             Began as a Minotaur Monk on Nov 30, 2021.
             Was a Believer of Okawaru.
             Killed by divine providence
             ... invoked by an orc priest
              (13 damage)
             ... on level 5 of the Dungeon.
             The game lasted 00:04:56 (4073 turns).

bearlyready the Slasher (Minotaur Monk)             Turns: 4073, Time: 00:04:56

Health: -1/45      AC:  2    Str: 16    XL:     5   Next: 98%
Magic:  4/5        EV: 28    Int:  7    God:    Okawaru [**....]
Gold:   1064       SH:  0    Dex: 13    Spells: 4/4 levels left

rFire   . . .      SeeInvis .   a - +0 falchion
rCold   . . .      Faith    .   (no shield)
rNeg    . . .      Spirit   .   b - +0 robe
rPois   .          Reflect  .   (helmet restricted)
rElec   .          Harm     .   (no cloak)
rCorr   .          Rampage  .   (no gloves)
Will    .....                   (no boots)
Stlth   +.........              g - amulet of the acrobat
HPRegen 0.15/turn               (no ring)
MPRegen 0.09/turn               (no ring)

@: silenced, acrobatic
A: horns 2, retaliatory headbutt
a: Renounce Religion


You were on level 5 of the Dungeon.
You worshipped Okawaru.
Okawaru was pleased with you.
You visited 2 branches of the dungeon, and saw 6 of its levels.

You collected 1064 gold pieces.

Inventory:

Hand Weapons
 a - a +0 falchion (weapon)
 l - a +0 great sword
Missiles
 c - 153 stones (quivered)
 h - 3 datura-tipped darts
 m - 27 bolts
 p - 9 poisoned darts
Armour
 b - a +0 robe (worn)
Jewellery
 g - an amulet of the acrobat (around neck)
Scrolls
 d - 2 scrolls of identify
 e - a scroll of amnesia
 f - a scroll of acquirement
 k - a scroll of summoning
 o - a scroll of enchant weapon {unknown}


   Skills:
 - Level 3.6 Fighting
 + Level 7.6 Long Blades
 - Level 3.2 Dodging
 - Level 1.5 Stealth
 + Level 1.9 Invocations


You had 4 spell levels left.
You didn't know any spells.
Your spell library contained the following spells:

 Spells                   Type           Power      Damage    Failure   Level
 Ozocubu's Armour         Ice            0%         N/A       80%         3
 Orb of Destruction       Conj           0%         N/A       100%        7
 Ozocubu's Refrigeration  Ice            0%         4d5       100%        7
 Summon Guardian Golem    Hex/Summ       Unusable   N/A       N/A         3
 Spellforged Servitor     Conj/Summ      Unusable   N/A       N/A         7

Dungeon Overview and Level Annotations

Branches:
Dungeon (5/15)             Temple (1/1) D:4

Altars:
Cheibriados
Elyvilon
Fedhas
Gozag
Hepliaklqana
Kikubaaqudgha
Makhleb
Okawaru
Qazlal
Ru
Sif Muna
Trog
Uskayaw
Xom
Yredelemnul
Zin

Annotations:
D:3 1 runed translucent door, sum1won's ghost, amateur KoDe


Innate Abilities, Weirdness & Mutations

You have a pair of horns on your head.
You reflexively headbutt those who attack you in melee.


Message History

You feel sick. The scorpion stings you.
The orc wizard gestures wildly while chanting.
The orc wizard flickers and vanishes!
Deactivating autopickup; reactivate with Ctrl-A.
The water moccasin barely misses you. The orc barely misses you.
The orc completely misses you. You furiously retaliate!
You headbutt the orc!
You kill the orc!
Okawaru accepts your kill.
Okay, then.
You hit the orc but do no damage.
You feel sick. The water moccasin barely misses you. The scorpion stings you.
You are more poisoned.
The scorpion poisons you! The water moccasin barely misses you.
You furiously retaliate!
You headbutt the water moccasin! The scorpion stings you.
You are too injured to fight recklessly!
You are too injured to fight recklessly!
You barely miss the orc priest.
You feel very sick. The orc closely misses you. The water moccasin bites you.
You are lethally poisoned!
The water moccasin poisons you! The scorpion closely misses you.
You furiously retaliate!
You headbutt the scorpion, but do no damage.
The orc priest hits you with a +0 short sword.
* * * LOW HITPOINT WARNING * * *
You feel better. The water moccasin closely misses you.
You furiously retaliate!
You headbutt the water moccasin!
You kill the water moccasin!
Okawaru is honoured by your kill. The orc hits you with a +0 whip.
* * * LOW HITPOINT WARNING * * *
The scorpion completely misses you.
The orc priest hits you but does no damage.
Your Invocations skill increases to level 1!
The orc closely misses you.
You see here a water moccasin corpse.
The orc priest calls down the wrath of Beogh upon you.
Beogh smites you!
You die...

########
#.s@...##
#.)o.......
#oo≈≈≈≈≈≈≈≈
#.o≈{$.....
#..≈.#####.
#....#
#..≈.#
#..≈...
#..≈.###


You could see a scorpion, an orc priest and 3 orcs.

Vanquished Creatures
  A water moccasin (D:5)
  An orc wizard (D:3)
  A howler monkey zombie (D:3)
  3 gnolls
  2 adders
  3 orcs
  4 endoplasms
  8 giant cockroaches
  5 goblins
  7 hobgoblins
  3 jackals (D:1)
  6 kobolds
  3 quokkas
  9 ball pythons
  5 bats
  3 frilled lizards
  10 rats (D:1)
74 creatures vanquished.

Vanquished Creatures (others)
  2 withered plants (D:3)
2 creatures vanquished.

Grand Total: 76 creatures vanquished

Notes
Turn   | Place    | Note
-------+----------+-------------------------------------------
     0 | D:1      | bearlyready the Minotaur Monk began the quest for the Orb.
     0 | D:1      | Reached XP level 1. HP: 19/19 MP: 0/0
   205 | D:1      | Reached skill level 4 in Long Blades
   315 | D:1      | Reached XP level 2. HP: 26/26 MP: 1/1
   843 | D:1      | Reached skill level 5 in Long Blades
   848 | D:1      | Reached XP level 3. HP: 28/31 MP: 2/2
  1299 | D:2      | Found a faded altar of an unknown god.
  1887 | D:2      | Found an ancient bone altar of Kikubaaqudgha.
  2061 | D:3      | Reached skill level 6 in Long Blades
  2061 | D:3      | Reached XP level 4. HP: 37/39 MP: 3/3
  2519 | D:3      | Found a runed translucent door.
  2524 | D:3      | Noticed sum1won's ghost (amateur KoDe)
  2570 | D:3      | Reached XP level 5. HP: 36/45 MP: 4/4
  2654 | D:3      | Reached skill level 7 in Long Blades
  3265 | D:4      | Found a staircase to the Ecumenical Temple.
  3361 | Temple   | Entered the Ecumenical Temple
  3621 | Temple   | Became a worshipper of Warmaster Okawaru
  3621 | Temple   | Reached * piety under Okawaru
  3621 | Temple   | Reached ** piety under Okawaru
  3723 | D:4      | Noticed a yak
  3737 | D:4      | HP: 2/45 [yak (17)]
  4059 | D:5      | Entered Level 5 of the Dungeon
  4059 | D:5      | Noticed a water moccasin
  4060 | D:5      | Acquired 949 gold pieces
  4071 | D:5      | Killed a water moccasin
  4072 | D:5      | Reached skill level 1 in Invocations
  4073 | D:5      | Killed from afar by an orc priest

Illustrated notes

Levels and vault maps discovered:
D:1:      minmay_arrival_split_and_join, layout_basic, minmay_rat_gold_closets
D:2:      layout_basic, shapermc_ecumenical_altar_mp_highgroup, basic_altar
D:3:      layout_basic, gammafunk_ghost_grave
D:4:      cheibrodos_barr_body, layout_gridville,
          minmay_temple_entry_glassed_door, uniq_edmund
D:5:      layout_rooms, mainiacjoe_overflow_brackets, minmay_misc_feat_tiny,
          kennysheep_small_square
Temple:   regret_index_temple_generic_petals

Skill      XL: |  1  2  3  4  5 |
---------------+----------------+-----
Long Blades    | 4 5 6 7 |  7.6
Invocations    | 1 |  1.9
Fighting       | |  3.6
Dodging        | |  3.2
Stealth        | |  1.5

Action                   |  1- 3 |  4- 6 || total
-------------------------+-------+-------++-------
Melee: Falchion          |    95 |    60 ||   155
       Headbutt          |    11 |    16 ||    27
  Use: Scroll            |       |     4 ||     4
       Potion            |       |     3 ||     3
 Stab: Sleeping          |     4 |     2 ||     6
       Distracted        |     1 |       ||     1
Armor: Robe              |    16 |     8 ||    24
Dodge: Dodged            |    79 |    60 ||   139

Table legend: (Time is in decaauts)
 A = Elapsed time spent in this place.
 B = Non-inter-level travel time spent in this place.
 C = Inter-level travel time spent in this place.
 D = Time resting spent in this place.
 E = Time spent auto-exploring this place.
 F = Levels seen in this place.
 G = Mean time per level.
                   A        B        C        D        E       F      G
               +--------+--------+--------+--------+--------+-----+--------+
         Total |   4063 |   3866 |    197 |    482 |   2880 |   6 |  677.2 |
       Dungeon |   3784 |   3641 |    143 |    482 |   2671 |   5 |  756.8 |
        Temple |    278 |    224 |     54 |      0 |    209 |   1 |  278.0 |
               +--------+--------+--------+--------+--------+-----+--------+

Top non-repeatable levels by time:
     D:1: 1300 daAuts
     D:2: 944 daAuts
     D:4: 791 daAuts
     D:3: 735 daAuts
  Temple: 278 daAuts
     D:5: 13 daAuts
